 Dungeon Crawl Stone Soup version 0.19.5 (webtiles) character file.

12826 Hybris the Cleaver (level 11, 0/142 HPs)
             Began as a Demonspawn Berserker on Mar 31, 2017.
             Was a High Priest of Trog.
             Slain by a 12-headed hydra (10 damage)
             ... on level 1 of the Lair of Beasts.
             The game lasted 00:30:46 (13923 turns).

Hybris the Cleaver (Demonspawn Berserker)          Turns: 13923, Time: 00:30:47

Health: 0/142      AC: 14    Str: 30    XL:     11   Next: 67%
Magic:  0/20       EV: 11    Int: 10    God:    Trog [*****.]
Gold:   443        SH:  0    Dex: 12    Spells: 0 memorised, 10 levels left

rFire  . . .     SeeInvis .     f - +3 hand axe of Dietugimm {venom, Str+5}
rCold  + . .     Gourm    .     d - +0 ring mail
rNeg   . . .     Faith    .     (no shield)
rPois  .         Spirit   +     (helmet restricted)
rElec  .         Reflect  .     n - +0 cloak
rCorr  .         Harm     .     u - +1 pair of gloves
MR     .....                    D - +0 pair of boots
Stlth  ..........               G - amulet of guardian spirit
                                p - ring of magical power
                                m - +4 ring of protection

@: berserking, very quick
A: horns 1, rugged brown scales 1, cold resistance 1, nightstalker 2
a: Berserk, Trog's Hand, Brothers in Arms, Burn Spellbooks, Renounce Religion


You were on level 1 of the Lair of Beasts.
You worshipped Trog.
Trog was extremely pleased with you.
You were not hungry.

You visited 2 branches of the dungeon, and saw 12 of its levels.

You collected 711 gold pieces.
You spent 268 gold pieces at shops.

Inventory:

Hand Weapons
 f - the +3 hand axe of Dietugimm (weapon) {venom, Str+5}
   (You bought it in a shop on level 4 of the Dungeon)

   It poisons the flesh of those it strikes.
   It affects your strength (+5).
 H - the +7 mace of Luid {freeze, rN+ Int+3}
   (You found it on level 6 of the Dungeon)

   It has been specially enchanted to freeze those struck by it, causing extra
   injury to most foes and up to half again as much damage against particularly
   susceptible opponents.
   It can also slow down cold-blooded creatures.
   It affects your intelligence (+3).
   It protects you from negative energy.
 N - a cursed +5 battleaxe
Armour
 d - a +0 ring mail (worn)
 n - a +0 cloak (worn)
 q - a +0 chain mail
 u - a +1 pair of gloves (worn)
 D - a +0 pair of boots (worn)
Jewellery
 m - a +4 ring of protection (left hand)
 p - a ring of magical power (right hand)
 G - an amulet of guardian spirit (around neck)
Wands
 a - a wand of polymorph (6/24)
 k - a wand of lightning (9/15)
Scrolls
 b - a scroll of teleportation
 e - 5 scrolls of fear
 h - 4 scrolls of identify
 t - 3 scrolls of remove curse
 w - a scroll of fog {unknown}
 y - a scroll of magic mapping {unknown}
 L - 2 scrolls of blinking
Potions
 g - 3 potions of lignification {unknown}
 j - a potion of berserk rage {unknown}
 l - 6 potions of curing
 o - a potion of cure mutation {unknown}
 r - 2 potions of flight
 C - 2 potions of resistance
 I - a potion of invisibility {unknown}
 K - 3 potions of heal wounds
Comestibles
 c - 7 bread rations
 i - 7 meat rations
 s - 4 slices of pizza
 v - 6 beef jerkies
 F - 3 royal jellies


   Skills:
 + Level 11.1 Fighting
 * Level 13.9 Axes
 - Level 1.7 Armour
 - Level 1.7 Dodging


You had 10 spell levels left.
You didn't know any spells.

Dungeon Overview and Level Annotations

Branches:
Dungeon (11/15)            Temple (0/1) D:6            Lair (1/6) D:8
    Orc (0/2) D:11

Altars:
Gozag
Zin

Shops:
D:2 *   D:4 **(}%


Innate Abilities, Weirdness & Mutations

You have a pair of small horns on your head.
You are partially covered in rugged brown scales. (AC +1, +3% HP)
Your flesh is cold resistant. (rC+)
You are significantly more attuned to the shadows.


Message History

You chop one of the ten-headed hydra's heads off!
The nine-headed hydra grows two more!
You slash the 11-headed hydra! You headbutt the 11-headed hydra.
The 11-headed hydra is moderately wounded.
You slice one of the 11-headed hydra's heads off!
The ten-headed hydra grows two more!
You slash the 12-headed hydra!
The 12-headed hydra is moderately wounded.
You barely miss the 12-headed hydra.
Your headbutt misses the 12-headed hydra.
The 12-headed hydra is moderately wounded.
The 12-headed hydra bites you but does no damage.
The 12-headed hydra bites you.
* * * LOW HITPOINT WARNING * * *
The 12-headed hydra bites you!
* * * LOW HITPOINT WARNING * * *
The 12-headed hydra bites you but does no damage.
The 12-headed hydra bites you.
* * * LOW HITPOINT WARNING * * *
The 12-headed hydra closely misses you. The 12-headed hydra bites you!
You die...

.............. ....
..............
#...................
#...................
##..#.####+#......###
#.................#..
#..........#.....#..
#.....†.............
#..@................
#.D#.......#.....#..
#..#.......#........
#.....##.P..#.....#..
##..... ..........###
#.. .. ............
............
............
............


You could see a 12-headed hydra.

Vanquished Creatures
  A hydra (Lair:1)
  An unseen horror (D:10)
  2 hill giants (D:11)
  Pikel (D:7)
  2 ugly things (D:11)
  A black mamba (Lair:1)
  A spiny frog (Lair:1)
  Prince Ribbit (D:9)
  Grinder (D:3)
  5 blink frogs (Lair:1)
  3 hippogriffs
  A spriggan (D:11)
  10 yaks
  2 wyverns
  The ghost of Azazaliy the Covered, an amateur HuFi (D:3)
  3 water moccasins (Lair:1)
  3 ice beasts
  A sky beast (D:7)
  2 slaves (D:7)
  4 orc warriors (D:9)
  A necrophage (D:6)
  A phantom (D:7)
  2 ogres
  2 centaurs
  3 crocodiles (Lair:1)
  7 bullfrogs
  A wyvern zombie (D:10)
  2 scorpions
  5 killer bees (D:9)
  9 wights
  3 bullfrog zombies
  2 crimson imps
  3 quasits
  5 hounds
  3 centaur skeletons
  2 centaur zombies
  A jelly (D:6)
  4 orc wizards
  8 orc priests
  5 bullfrog skeletons
  3 iguanas
  Jessica (D:3)
  Terence (D:3)
  9 worker ants
  2 killer bee zombies
  A hound zombie (D:8)
  A howler monkey zombie (D:9)
  Robin (D:3)
  12 adders
  2 shadow imps
  An adder skeleton (D:9)
  2 adder zombies
  2 worms
  2 dart slugs
  7 leopard geckos
  29 orcs
  A ball python (D:1)
  5 bats
  4 giant cockroaches
  17 goblins
  12 hobgoblins
  13 jackals
  4 quokkas
  3 frilled lizards
  5 kobolds
  3 leopard gecko zombies
  9 rats
  A fungus (Lair:1)
  A plant (Lair:1)
269 creatures vanquished.

Vanquished Creatures (others)
  A phantom (D:7)
  A bullfrog zombie (D:7)
2 creatures vanquished.

Grand Total: 271 creatures vanquished

Notes
Turn   | Place    | Note
-------+----------+-------------------------------------------
     0 | D:1      | Hybris the Demonspawn Berserker began the quest for the Orb.
     0 | D:1      | Reached XP level 1. HP: 18/18 MP: 1/1
    42 | D:1      | Reached skill level 3 in Axes
   575 | D:1      | Gained mutation: Your flesh is cold resistant. (rC+) [demonic ancestry]
   575 | D:1      | Reached XP level 2. HP: 23/24 MP: 2/2
  1019 | D:1      | Reached XP level 3. HP: 19/29 MP: 3/3
  1207 | D:1      | Reached ** piety under Trog
  1697 | D:2      | Found an opulent altar of Gozag.
  1699 | D:2      | Found Gozag's Platinum Reserve.
  2027 | D:2      | Reached XP level 4. HP: 35/37 MP: 4/4
  2343 | D:3      | Reached skill level 4 in Axes
  2625 | D:3      | Noticed Jessica
  2635 | D:3      | Killed Jessica
  3024 | D:3      | Noticed Robin
  3035 | D:3      | Reached XP level 5. HP: 42/42 MP: 5/5
  3041 | D:3      | Killed Robin
  3041 | D:3      | Reached *** piety under Trog
  3044 | D:3      | Noticed Azazaliy's ghost (amateur HuFi)
  3103 | D:3      | Killed Azazaliy's ghost
  3103 | D:3      | Reached skill level 5 in Axes
  3103 | D:3      | Reached XP level 6. HP: 16/49 MP: 6/6
  3525 | D:3      | Found a faded altar of an unknown god.
  3800 | D:3      | Noticed Grinder
  3860 | D:3      | Killed Grinder
  3860 | D:3      | Reached skill level 5 in Fighting
  3860 | D:3      | Reached skill level 6 in Axes
  3860 | D:3      | Gained mutation: You have a pair of small horns on your head. [demonic ancestry]
  3860 | D:3      | Reached XP level 7. HP: 4/56 MP: 7/7
  4373 | D:3      | Noticed Terence
  4402 | D:3      | Killed Terence
  4559 | D:4      | Found Powogi's Gadget Shop.
  4777 | D:4      | Found Zegutz's Food Shoppe.
  4784 | D:4      | Bought a beef jerky for 18 gold pieces
  4784 | D:4      | Bought a slice of pizza for 18 gold pieces
  4784 | D:4      | Bought a beef jerky for 18 gold pieces
  4784 | D:4      | Bought a beef jerky for 18 gold pieces
  4784 | D:4      | Bought a slice of pizza for 18 gold pieces
  4784 | D:4      | Bought a beef jerky for 18 gold pieces
  4868 | D:4      | Found Haduirid's Weapon Emporium.
  5054 | D:4      | Found Zesirpho's Assorted Antiques.
  5075 | D:4      | Found Denkut's Assorted Antiques.
  5143 | D:5      | Entered Level 5 of the Dungeon
  5704 | D:6      | Reached skill level 7 in Axes
  5817 | D:6      | Found a staircase to the Ecumenical Temple.
  5894 | D:6      | Reached XP level 8. HP: 59/64 MP: 8/8
  6450 | D:6      | Got a steaming mace
  6451 | D:6      | Identified the +7 mace of Luid {freeze, rN+ Int+3} (You found it on level 6 of the Dungeon)
  6568 | D:4      | Bought a translucent hand axe for 160 gold pieces
  6568 | D:4      | Identified the cursed +3 hand axe of Dietugimm {venom, Str+5} (You bought it in a shop on level 4 of the Dungeon)
  6722 | D:7      | Reached skill level 8 in Axes
  6941 | D:7      | Noticed Pikel
  6951 | D:7      | Killed Pikel
  6951 | D:7      | Reached skill level 9 in Axes
  6951 | D:7      | Gained mutation: You are slightly more attuned to the shadows. [demonic ancestry]
  6951 | D:7      | Reached XP level 9. HP: 72/72 MP: 9/9
  7217 | D:7      | Found a glowing silver altar of Zin.
  7464 | D:8      | Reached skill level 10 in Axes
  7943 | D:8      | Found a staircase to the Lair.
  8264 | D:8      | Reached **** piety under Trog
  9069 | D:9      | Reached skill level 11 in Axes
  9448 | D:9      | Gained mutation: You are significantly more attuned to the shadows. [demonic ancestry]
  9448 | D:9      | Reached XP level 10. HP: 82/82 MP: 10/10
  9504 | D:9      | Noticed Prince Ribbit
  9511 | D:9      | Killed Prince Ribbit
  9966 | D:9      | You fall through a shaft for 2 floors!
  9993 | D:11     | Noticed a green ugly thing
 10006 | D:11     | Killed a green ugly thing
 10360 | D:11     | Found a staircase to the Orcish Mines.
 10507 | D:11     | Reached skill level 12 in Axes
 10644 | D:11     | Noticed a purple ugly thing
 10655 | D:11     | Killed a purple ugly thing
 10962 | D:11     | Noticed a hill giant
 10973 | D:11     | Killed a hill giant
 10973 | D:11     | Reached skill level 10 in Fighting
 11191 | D:11     | Noticed a hill giant
 11198 | D:11     | Killed a hill giant
 11259 | D:10     | Entered Level 10 of the Dungeon
 11449 | D:10     | Identified a +1 rod of ignition (10/10) (You found it on level 10 of the Dungeon)
 11617 | D:10     | Gained mutation: You are partially covered in rugged brown scales. (AC +1, +3% HP) [demonic ancestry]
 11617 | D:10     | Reached XP level 11. HP: 85/93 MP: 11/11
 12004 | D:10     | Killed an unseen horror
 12004 | D:10     | Reached skill level 13 in Axes
 12793 | Lair:1   | Entered Level 1 of the Lair of Beasts
 12964 | Lair:1   | Reached ***** piety under Trog
 13355 | Lair:1   | Noticed an eight-headed hydra
 13364 | Lair:1   | Killed a 13-headed hydra
 13910 | Lair:1   | Noticed a four-headed hydra
 13923 | Lair:1   | Slain by a 12-headed hydra

Skill      XL: |  1  2  3  4  5  6  7  8  9 10 11 |
---------------+----------------------------------+-----
Axes           | 3 4 5 6 7 9 11 12 13 | 13.9
Fighting       | 4 5 6 7 8 10 11 | 11.1
Armour         | |  1.7
Dodging        | |  1.7

Action                   |  1- 3 |  4- 6 |  7- 9 | 10-12 || total
-------------------------+-------+-------+-------+-------++-------
Melee: Hand axe          |   142 |   183 |   389 |   339 ||  1053
       Headbutt          |       |       |    96 |    78 ||   174
Invok: Berserk           |       |     4 |     5 |     7 ||    16
       Trog's Hand       |       |     3 |     4 |     1 ||     8
       Burn Spellbooks   |       |       |     1 |     1 ||     2
  Use: Scroll            |       |     5 |     8 |     2 ||    15
       Potion            |       |     3 |     2 |       ||     5
 Stab: Sleeping          |       |       |     2 |    14 ||    16
       Distracted        |       |       |       |     1 ||     1
  Eat: Chunk             |     3 |     9 |    14 |     9 ||    35
       Fruit             |       |     1 |     2 |       ||     3
       Meat ration       |       |       |     1 |       ||     1
       Beef jerky        |       |       |     2 |       ||     2
       Bread ration      |       |       |       |     3 ||     3
Armor: Animal skin       |    11 |       |       |       ||    11
       Ring mail         |    52 |    78 |   134 |   134 ||   398
Dodge: Dodged            |   100 |   107 |   191 |   145 ||   543
